AoeStats
← mazibu

Arabia

507971044Analyzed
1v1 RM · 12d ago on Sep 20, 2026· 43m 26s· 2 players
Game mode
Random Map
Map size
Tiny (2 player)
Population
200
Speed
Normal
Resources
Standard
Victory
Conquest
Starting age
Dark Age
Ending age
Imperial Age
RankedLock teamsTeams togetherTeam positionsShared explorationLock speedFull tech treeHidden civsTurbo modeCheats
Victory
Defeat
🇩🇪 Ethiopians · Germany
984
+16
🇬🇧 Romans · United Kingdom
987
-16
mazibu
7:06 Loom
9:32 Feudal Age
17:02 Double-Bit Axe
20:50 Fletching
23:13 Castle Age
21:26 Horse Collar
22:17 Padded Archer Armor
23:19 Crossbowman
23:57 Bodkin Arrow
28:10 Leather Archer Armor
29:59 Heavy Plow
31:34 Ballistics
35:03 Thumb Ring
41:21 Imperial Age
41:58 Onager
GreatGurkhas
6:25 Loom
9:30 Feudal Age
10:03 Double-Bit Axe
12:00 Man-at-Arms
16:58 Horse Collar
18:41 Scale Mail Armor
20:13 Forging
24:49 Castle Age
26:07 Bow Saw
26:00 Heavy Plow
31:43 Long Swordsman
40:15 Gold Mining
40:18 Stone Mining
Connection lost

Rejoining the realm…

Still unreachable

The connection could not be restored.

Session expired

The server has moved on; the page needs a fresh start.